 Dungeon Crawl Stone Soup version 0.32-a0-996-gb3226c233f (webtiles) character file.

Game seed: 6561078072964476025

2870 HilariousDeathArtist the Nimble (level 9, -7/47 HPs)
             Began as a Spriggan Shapeshifter on Apr 23, 2024.
             Was a Believer of Cheibriados.
             Mangled by a crocodile (17 damage)
             ... on level 7 of the Dungeon.
             The game lasted 00:11:03 (4750 turns).

HilariousDeathArtist the Nimble (SpSh)              Turns: 4750, Time: 00:11:04

Health: -7/47      AC:  0    Str: 16    XL:     9   Next: 47%
Magic:  11/11      EV: 32    Int: 16    God:    Cheibriados [**....]
Gold:   729        SH:  0    Dex: 20    Spells: 8/8 levels left

rFire   . .          .
                       - Unarmed
rCold   . . .        (shield currently unavailable)
rNeg    . . .        p - melded +3 robe of Hedging {Slay+2 Stlth+}
rPois   +            (helmet restricted)
rElec   .            (no cloak)
rCorr   .            (gloves unavailable)
SInv    +            (boots unavailable)
Will    +....        w - amulet of regeneration
Stlth   ++           A - ring of poison resistance {rPois, !d}
HPRegen 1.07/turn    E - +5 ring of evasion
MPRegen 0.12/turn

%: no passive effects
@: flux-form, glowing
A: glow, contaminating, very small, no large weapons, unfitting armour, see
invisible, speed 3
a: Begin Untransformation, Renounce Religion, Bend Time


You were on level 7 of the Dungeon.
You worshipped Cheibriados.
Cheibriados was pleased with you.
You were something dangerously unstable.
You visited 2 branches of the dungeon, and saw 8 of its levels.

You collected 1572 gold pieces.
You spent 843 gold pieces at shops.

Inventory:

Hand Weapons
 g - a +0 dagger
   (You took it off a kobold on level 4 of the Dungeon)
 j - a +0 rapier
   (You found it on level 5 of the Dungeon)
Missiles
 m - a boomerang
 o - 3 poisoned darts
 s - 50 stones
Armour
 k - an orb of energy
   (You found it on level 4 of the Dungeon)
 p - the +3 robe of Hedging (melded) {Slay+2 Stlth+}
   (You bought it in a shop on level 2 of the Dungeon)

   Slay+2:    It affects your accuracy & damage with ranged weapons and melee
   (+2).
   Stlth+:    It makes you more stealthy.
Jewellery
 w - an amulet of regeneration (around neck)
   (You found it on level 2 of the Dungeon)
 A - a ring of poison resistance (left hand) {rPois, !d}
   (You found it on level 2 of the Dungeon)
 E - a +5 ring of evasion (right hand)
   (You found it on level 4 of the Dungeon)
 F - a ring of protection from fire {rF+, !d}
   (You found it on level 5 of the Dungeon)
 W - a ring of willpower
   (You found it on level 7 of the Dungeon)
 X - a ring of resist corrosion
   (You found it on level 3 of the Dungeon)
Talismans
 c - a beast talisman
 d - a flux talisman (active)
Wands
 e - a wand of charming (8)
   (You found it on level 5 of the Dungeon)
 y - a wand of mindburst (14)
   (You found it on level 6 of the Dungeon)
Scrolls
 a - a scroll of enchant weapon
 h - a scroll of brand weapon
 i - a scroll of enchant armour
 q - a scroll of amnesia {unknown}
 r - a scroll of revelation {unknown}
 t - a scroll of fog {unknown}
 x - 2 scrolls of immolation {!r}
 V - a scroll of vulnerability {!r!r}
Potions
 b - a potion of attraction {unknown}
 f - 2 potions of might
 l - a potion of invisibility {unknown}
 n - 2 potions of enlightenment
 z - 2 potions of brilliance {unknown}
 G - a potion of ambrosia {!q}
 H - a potion of haste
 J - 6 potions of curing {@q1}
 M - a potion of magic
 N - a potion of heal wounds {@q2}
 P - 3 potions of lignification {!q}
 R - 2 potions of resistance
 T - a potion of berserk rage {!q}
 U - 2 potions of mutation {!q}


   Skills:
 * Level 5.1 Fighting
 * Level 9.1 Dodging
 + Level 8.2 Stealth
 + Level 4.3 Unarmed Combat
 + Level 2.0 Invocations
 + Level 4.7 Evocations
 - Level 7.0 Shapeshifting


You had 8 spell levels left.
You didn't know any spells.
Your spell library contained the following spells:

 Spells                   Type           Power      Damage    Failure   Level
 Foxfire                  Conj/Fire      0%         2x1d4     26%         1
 Stone Arrow              Conj/Erth      0%         3d7       58%         3
 Brom's Barrelling Bould  Conj/Erth      0%         2d3       94%         4
 Arcjolt                  Conj/Air       0%         1d10      100%        5
 Fireball                 Conj/Fire      0%         3d3       100%        5
 Irradiate                Conj/Alch      0%         3d11      100%        5
 Iskenderun's Battlesphe  Conj           0%         2d6       100%        5
 Conjure Ball Lightning   Conj/Air       0%         3x3d6     100%        6
 Death Channel            Necr           0%         N/A       100%        6
 Sculpt Simulacrum        Ice/Alch       0%         N/A       100%        6
 Orb of Destruction       Conj           0%         9d5       100%        7
 Rimeblight               Ice/Necr       0%         2d3       (prima100%   7


Dungeon Overview and Level Annotations

Branches:
Dungeon (7/15)             Temple (1/1) D:5

Altars:
Cheibriados
Elyvilon
Fedhas
Gozag
Hepliaklqana
Kikubaaqudgha
Qazlal
Ru
Sif Muna
Trog
Uskayaw
Wu Jian
Xom
Zin
The Shining One

Shops:
D:2 [   D:4 !

Annotations:
D:3 Ijyb
D:5 3 runed translucent doors, EvilWizard678's ghost, amateur MDMo
D:7 Joseph


Innate Abilities, Weirdness & Mutations

You are something dangerously unstable.
You glow with magical radiation, making you easy to see and hit.
Foes you strike become dangerously contaminated with magical radiation.
You are incapable of wielding weapons or throwing items.
You are very small and have problems with some larger weapons.
You are too small for most types of armour.
You have supernaturally acute eyesight. (SInv)
You cover ground extremely quickly. (Speed+++)


Message History

Why would you want to do that?
Blink to where?
Press: ? - help, Dir - move target, p - crocodile
As you read the scroll of blinking {!r}, it crumbles to dust.
Okay, then.
Press: ? - help, Shift-Dir - straight line, f - steam dragon
Aim: a steam dragon (translocational energy, moderately wounded, misshapen and mutated, chance to affect: 83%)
The steam dragon's mind is blasted!
Press: ? - help, Shift-Dir - straight line, f - wyvern
Aim: a wyvern (chance to affect: 60%)
The wyvern resists with significant effort.
Press: ? - help, Shift-Dir - straight line, f - wyvern
Aim: a wyvern (chance to affect: 60%)
The wyvern is charmed.
The killer bee completely misses you.
Unknown command.
You hit the killer bee.
You kill the killer bee!
Cheibriados thoroughly appreciates the change of pace.
Your wyvern barely misses the crocodile.
Your wyvern bites the crocodile!
You hit the wyvern.
The wyvern begins to glow.
The wyvern completely misses you.
You hit the wyvern but do no damage.
The wyvern glows dangerously bright.
Your wyvern closely misses something.
The wyvern closely misses you.
You hit the wyvern.
The wyvern shudders as magic cascades through it!!
The wyvern twists and deforms.
Your wyvern barely misses the crocodile.
The wyvern completely misses you.
You hit the wyvern.
You kill the wyvern!
Cheibriados thoroughly appreciates the change of pace.
Something barely misses the crocodile.
Your Fighting skill increases to level 5!
Your Stealth skill increases to level 8!
You regained 2 hp, and now have 25/47 hp.
You hit the steam dragon.
The steam dragon begins to glow.
Something barely misses the crocodile.
The crocodile bites something but does no damage.
The steam dragon breathes steam at you. The ball of steam misses you.
Your wyvern bites the crocodile!
The steam dragon attacks as it pursues you!
The steam dragon closely misses you. The steam dragon completely misses you.
The crocodile bites your wyvern.
Your wyvern closely misses the crocodile.
You hit the steam dragon.
The steam dragon glows dangerously bright.
Your wyvern bites the crocodile but does no damage.
The crocodile bites your wyvern. The steam dragon bites you!
The steam dragon completely misses you.
You take 7 damage, and have 20/47 hp.
You barely miss the steam dragon.
Your wyvern closely misses the crocodile.
The crocodile bites your wyvern. The steam dragon barely misses you.
The steam dragon completely misses you.
Your wyvern barely misses the crocodile.
You hit the steam dragon.
The steam dragon shudders as magic cascades through it!!
You kill the steam dragon!
Cheibriados appreciates the change of pace.
Cheibriados raises the support of your attributes as your movement slows.
Your wyvern bites the crocodile!
The crocodile dies!
Cheibriados appreciates the change of pace.
Your Dodging skill increases to level 9!
Your Invocations skill increases to level 2!
Okay, then.
You hit the crocodile.
The crocodile begins to glow.
The crocodile misses you.
You completely miss the crocodile. The crocodile closely misses you.
Your wyvern bites the crocodile.
You barely miss the crocodile. The crocodile misses you.
Your wyvern bites the crocodile!
You barely miss the crocodile.
Your wyvern bites the crocodile but does no damage.
The crocodile completely misses you.
Your wyvern misses the crocodile.
Your wyvern bites the crocodile!
The crocodile bites your wyvern!
The crocodile drags your wyvern backwards!
The crocodile stops glowing.
Your wyvern bites the crocodile but does no damage.
The crocodile bites your wyvern!
The crocodile drags your wyvern backwards!
Your wyvern dies!
You regained 2 hp, and now have 29/47 hp.
You barely miss the crocodile. The crocodile completely misses you.
You hit the crocodile.
The crocodile begins to glow.
An iguana comes into view.
The crocodile bites you!!
* * * LOW HITPOINT WARNING * * *
The crocodile drags you backwards!
You take 18 damage, and have 12/47 hp.
MASSIVE DAMAGE!!
You feel better. The crocodile misses you.
You regained 10 hp, and now have 22/47 hp.
You barely miss the crocodile. The iguana bites you!
* * * LOW HITPOINT WARNING * * *
The crocodile bites you!
You die...
Cheibriados appreciates the motionlessness of death.

.# #<........♣≈.§§...♣#
.# #####.#...♣≈.....≈♣
.# ##.#.#♣♣.....≈♣♣
.#######..#.♣ ♣≈.....≈♣#
............♣ ♣≈......P#
.#####...#..# ♣...#...P#
.####..###..# ♣≈.#♣#..♣#
............##♣≈l.#♣≈.P#
.##....##.....♣≈p..≈♣≈♣#
..#.##<##......l.♣..≈♣♣
..#.##.##...♣≈♣.......♣
..#.##.##...♣≈........♣
..>.........♣≈♣..≈♣..♣♣
..###..##........≈♣≈.♣♣
.............♣≈...♣≈..♣
..#.#####...##♣≈......♣
..#.# #...# ♣♣....≈♣♣


You could see a crocodile (contam) and an iguana.

Vanquished Creatures
  Pikel (D:6)
  A wyvern (D:7)
  A steam dragon (D:7)
  Menkaure (D:7)
  2 water moccasins
  A sky beast (D:7)
  2 ice beasts
  A black bear (D:4)
  3 ogres
  A crocodile (D:7)
  A centaur (D:7)
  2 lemures (D:6)
  A phantom (D:6)
  2 bullfrogs
  3 scorpions
  2 killer bees (D:7)
  A howler monkey (D:6)
  4 hounds
  4 iguanas
  Jessica (D:3)
  2 orc wizards (D:6)
  Robin (D:3)
  3 gnolls (D:3)
  7 adders
  2 ufetubi (D:7)
  5 dart slugs
  2 ribbon worms
  9 orcs
  4 bats
  6 endoplasms
  3 giant cockroaches
  7 goblins
  11 hobgoblins
  A jackal (D:2)
  5 quokkas
  7 ball pythons
  A frilled lizard (D:1)
  10 kobolds
  2 rats
123 creatures vanquished.

Vanquished Creatures (collateral kills)
  A crocodile (D:7)
1 creature vanquished.

Vanquished Creatures (others)
  A wyvern (D:7)
  A jelly (D:7)
2 creatures vanquished.

Grand Total: 126 creatures vanquished

Notes
Turn   | Place    | Note
-------+----------+-------------------------------------------
     0 | D:1      | HilariousDeathArtist the Spriggan Shapeshifter began the
                  | quest for the Orb.
     0 | D:1      | Reached XP level 1. HP: 9/9 MP: 2/2
   109 | D:1      | Reached skill level 1 in Stealth
   158 | D:1      | Reached skill level 3 in Dodging
   158 | D:1      | Reached XP level 2. HP: 14/14 MP: 3/3
   809 | D:2      | Reached skill level 2 in Stealth
   809 | D:2      | Reached XP level 3. HP: 11/17 MP: 4/4
   996 | D:2      | Found a shimmering altar of Xom.
  1065 | D:2      | Found Mepheb's Antique Armour Emporium.
  1132 | D:2      | Reached skill level 5 in Shapeshifting
  1250 | D:2      | Reached XP level 4. HP: 21/21 MP: 5/5
  1508 | D:2      | Bought a transparent robe for 171 gold pieces
  1508 | D:2      | Identified the +3 robe of Hedging {Slay+2 Stlth+} (You
                  | bought it in a shop on level 2 of the Dungeon)
  1594 | D:3      | Got the Omnibus of the Violent Yliaster
  1779 | D:3      | Noticed Ijyb
  1779 | D:3      | Noticed Robin
  1787 | D:3      | Reached skill level 3 in Stealth
  1793 | D:3      | Reached skill level 4 in Dodging
  1812 | D:3      | Killed Robin
  1940 | D:3      | Noticed Jessica
  1946 | D:3      | Killed Jessica
  1947 | D:3      | Reached XP level 5. HP: 23/25 MP: 6/6
  1987 | D:3      | Found a shimmering blue altar of Sif Muna.
  2212 | D:4      | Reached skill level 6 in Shapeshifting
  2347 | D:4      | Reached skill level 4 in Stealth
  2395 | D:4      | Reached skill level 1 in Fighting
  2395 | D:4      | Reached XP level 6. HP: 30/30 MP: 7/7
  2604 | D:4      | Found Dameemam's Distillery.
  2609 | D:4      | Bought a potion of heal wounds for 70 gold pieces
  2609 | D:4      | Bought a potion of curing for 42 gold pieces
  2609 | D:4      | Bought a potion of degeneration for 14 gold pieces
  2648 | D:4      | Noticed a water moccasin
  2656 | D:4      | Killed a water moccasin
  2657 | D:4      | Reached skill level 2 in Fighting
  2657 | D:4      | Reached skill level 5 in Dodging
  2699 | D:5      | Entered Level 5 of the Dungeon
  2704 | D:5      | Reached skill level 5 in Stealth
  2704 | D:5      | Reached skill level 7 in Shapeshifting
  2704 | D:5      | Reached XP level 7. HP: 19/35 MP: 8/8
  2735 | D:5      | Found a runed translucent door.
  2737 | D:5      | Found a runed translucent door.
  2816 | D:5      | Noticed a wraith
  2816 | D:5      | Found a runed translucent door.
  2910 | D:5      | Reached skill level 1 in Evocations
  2955 | D:5      | Reached skill level 3 in Unarmed Combat
  3061 | D:5      | Reached skill level 6 in Dodging
  3089 | D:5      | Noticed EvilWizard678's ghost (amateur MDMo)
  3121 | D:5      | Reached skill level 3 in Fighting
  3142 | D:5      | Found a staircase to the Ecumenical Temple.
  3166 | Temple   | Entered the Ecumenical Temple
  3170 | Temple   | Became a worshipper of Cheibriados the Contemplative
  3265 | D:5      | Reached skill level 6 in Stealth
  3265 | D:5      | Reached skill level 2 in Evocations
  3265 | D:5      | Reached XP level 8. HP: 32/40 MP: 9/9
  3379 | D:6      | Identified a scroll of acquirement
  3380 | D:6      | Acquired 1016 gold pieces
  3425 | D:4      | Bought a potion of enlightenment for 70 gold pieces
  3425 | D:4      | Bought a potion of might for 56 gold pieces
  3425 | D:4      | Bought a potion of mutation for 112 gold pieces
  3425 | D:4      | Bought a potion of ambrosia for 112 gold pieces
  3425 | D:4      | Bought a potion of magic for 112 gold pieces
  3425 | D:4      | Bought a potion of curing for 42 gold pieces
  3425 | D:4      | Bought a potion of curing for 42 gold pieces
  3660 | D:6      | Noticed Pikel
  3678 | D:6      | Killed Pikel
  3679 | D:6      | Reached skill level 4 in Fighting
  3679 | D:6      | Reached skill level 7 in Dodging
  3679 | D:6      | Reached skill level 7 in Stealth
  3679 | D:6      | Reached skill level 3 in Evocations
  3818 | D:6      | Reached * piety under Cheibriados
  3957 | D:6      | Reached skill level 8 in Dodging
  4336 | D:7      | Reached skill level 4 in Evocations
  4336 | D:7      | Reached XP level 9. HP: 38/46 MP: 10/10
  4366 | D:7      | Found an opulent altar of Gozag.
  4459 | D:7      | Noticed Joseph
  4519 | D:7      | Reached skill level 4 in Unarmed Combat
  4539 | D:7      | Reached skill level 1 in Invocations
  4582 | D:7      | Noticed Menkaure
  4594 | D:7      | Killed Menkaure
  4735 | D:7      | Reached skill level 5 in Fighting
  4735 | D:7      | Reached skill level 8 in Stealth
  4739 | D:7      | Reached ** piety under Cheibriados
  4740 | D:7      | Reached skill level 9 in Dodging
  4740 | D:7      | Reached skill level 2 in Invocations
  4750 | D:7      | HP: 10/47 [iguana (13)]
  4750 | D:7      | Mangled by a crocodile

Illustrated notes

Levels and vault maps discovered:
D:1:      sevenhm_arrival_forest_fort_small_5, layout_rooms
D:2:      wad_river_or_something, layout_basic, basic_altar, serial_shops, shop
D:3:      layout_rooms, tgw_sif, serial_bayou_pond_a, nicolae_goblin_pals
D:4:      layout_basic, serial_shops, shop, serial_bayou_lagoon_a
D:5:      lemuel_insect_pit, layout_rooms, minmay_temple_entry_tees,
          ebering_ghost_inner_flame, kennysheep_cross_room
D:6:      layout_loops_ring, uniq_pikel
D:7:      regret_index_malice_mire, layout_basic, amcnicky_altar_gilded,
          kennysheep_generic_room_15, uniq_duvessa, uniq_joseph, uniq_menkaure
Temple:   hellmonk_temple_two_chambers

Skill      XL: |  1  2  3  4  5  6  7  8  9 |
---------------+----------------------------+-----
Stealth        | 1 2 3 4 5 6 7 8 |  8.2
Dodging        | 3 4 5 6 8 9 |  9.1
Shapeshifting  | 5 6 7 |  7.0
Fighting       | 1 2 3 4 5 |  5.1
Evocations     | 2 4 |  4.7
Unarmed Combat | 3 4 |  4.3
Invocations    | 2 |  2.0

Action                     |  1- 3 |  4- 6 |  7- 9 || total
---------------------------+-------+-------+-------++-------
  Melee: Unarmed           |   119 |   128 |   263 ||   510
         Punch             |     1 |     3 |       ||     4
  Throw: Stone             |     1 |       |       ||     1
  Evoke: Wand              |       |       |     5 ||     5
    Use: Scroll            |     2 |     4 |     4 ||    10
         Potion            |       |     1 |     2 ||     3
   Stab: Sleeping          |     3 |     2 |     1 ||     6
 Armour: Animal skin       |    29 |     3 |       ||    32
         Robe              |       |     9 |       ||     9
         Skin              |       |     7 |    47 ||    54
  Dodge: Dodged            |    83 |   107 |   308 ||   498
   Form: Flux              |       |     1 |       ||     1

Table legend: (Time is in decaauts)
 A = Elapsed time spent in this place.
 B = Non-inter-level travel time spent in this place.
 C = Inter-level travel time spent in this place.
 D = Time resting spent in this place.
 E = Time spent auto-exploring this place.
 F = Levels seen in this place.
 G = Mean time per level.
                   A        B        C        D        E       F      G
               +--------+--------+--------+--------+--------+-----+--------+
         Total |   3647 |   3357 |    290 |      7 |   2364 |   8 |  455.9 |
       Dungeon |   3640 |   3357 |    283 |      7 |   2364 |   7 |  520.0 |
        Temple |      7 |      1 |      6 |      0 |      0 |   1 |    7.0 |
               +--------+--------+--------+--------+--------+-----+--------+

Top non-repeatable levels by time:
     D:6: 768 daAuts
     D:2: 559 daAuts
     D:4: 538 daAuts
     D:7: 499 daAuts
     D:5: 478 daAuts
     D:1: 450 daAuts
     D:3: 345 daAuts
  Temple: 7 daAuts

Levels and vault maps discovered:
D:1:      sevenhm_arrival_forest_fort_small_5, layout_rooms
D:2:      wad_river_or_something, layout_basic, basic_altar, serial_shops, shop
D:3:      layout_rooms, tgw_sif, serial_bayou_pond_a, nicolae_goblin_pals
D:4:      layout_basic, serial_shops, shop, serial_bayou_lagoon_a
D:5:      lemuel_insect_pit, layout_rooms, minmay_temple_entry_tees,
          ebering_ghost_inner_flame, kennysheep_cross_room
D:6:      layout_loops_ring, uniq_pikel
D:7:      regret_index_malice_mire, layout_basic, amcnicky_altar_gilded,
          kennysheep_generic_room_15, uniq_duvessa, uniq_joseph, uniq_menkaure
Temple:   hellmonk_temple_two_chambers

Table legend: (Time is in decaauts)
 A = Elapsed time spent in this place.
 B = Non-inter-level travel time spent in this place.
 C = Inter-level travel time spent in this place.
 D = Time resting spent in this place.
 E = Time spent auto-exploring this place.
 F = Levels seen in this place.
 G = Mean time per level.
                   A        B        C        D        E       F      G
               +--------+--------+--------+--------+--------+-----+--------+
         Total |   3647 |   3357 |    290 |      7 |   2364 |   8 |  455.9 |
       Dungeon |   3640 |   3357 |    283 |      7 |   2364 |   7 |  520.0 |
        Temple |      7 |      1 |      6 |      0 |      0 |   1 |    7.0 |
               +--------+--------+--------+--------+--------+-----+--------+

Top non-repeatable levels by time:
     D:6: 768 daAuts
     D:2: 559 daAuts
     D:4: 538 daAuts
     D:7: 499 daAuts
     D:5: 478 daAuts
     D:1: 450 daAuts
     D:3: 345 daAuts
  Temple: 7 daAuts

Table legend:
 A = Kills in this place as a percentage of kills in the entire game.
 B = Kills by you in this place as a percentage of kills by you in the entire game.
 C = Kills by friends in this place as a percentage of kills by friends in the entire game.
 D = Other kills in this place as a percentage of other kills in the entire game.
 E = Experience gained in this place as a percentage of experience gained in the entire game.
 F = Experience gained in this place divided by the number of levels of this place that you have seen.
                   A       B       C       D       E      F
               +-------+-------+-------+-------+-------+----------------------
         Total | 100.0 | 100.0 | 100.0 | 100.0 | 100.0 | 512.5
       Dungeon | 100.0 | 100.0 | 100.0 | 100.0 | 100.0 | 585.7
               +-------+-------+-------+-------+-------+----------------------
